 Dungeon Crawl Stone Soup version 0.31-a0-1091-g283494c966 (webtiles) character file.

Game seed: 10626848651419110612

56 kae the Vexing (level 3, -1/25 HPs)
             Began as a Demonspawn Enchanter on Nov 28, 2023.
             Slain by an adder (2 damage)
             ... on level 2 of the Dungeon.
             The game lasted 00:00:51 (1269 turns).

kae the Vexing (Demonspawn Enchanter)               Turns: 1269, Time: 00:00:52

Health: -1/25      AC:  2    Str: 10    XL:     3   Next: 69%
Magic:  1/6        EV: 12    Int: 16    God:
Gold:   76         SH:  0    Dex: 13    Spells: 1/6 levels left

rFire   . . .        a - +1 dagger
rCold   . . .        (no shield)
rNeg    . . .        b - +0 robe
rPois   .            (no helmet)
rElec   .            (no cloak)
rCorr   .            (no gloves)
SInv    .            (no boots)
Will    .....        (no amulet)
Stlth   ++           (no ring)
HPRegen 0.24/turn    (no ring)
MPRegen 0.10/turn

%: no passive effects
@: no status effects
A: powered by death 1
a: no special abilities


You were on level 2 of the Dungeon.
You visited 1 branch of the dungeon, and saw 2 of its levels.

You collected 76 gold pieces.


Innate Abilities, Weirdness & Mutations

You regenerate a little health from kills.


   Skills:
 + Level 0.8 Fighting
 * Level 1.6 Short Blades
 + Level 2.0 Dodging
 * Level 3.1 Stealth
 + Level 2.1 Spellcasting
 + Level 3.2 Hexes
 * Level 0.9 Ice Magic


You had one spell level left.
You knew the following spells:

 Your Spells              Type           Power      Damage    Failure   Level
a - Ensorcelled Hibernat  Hex/Ice        16%        N/A       13%         2
b - Confusing Touch       Hex            12%        N/A       16%         3

Your spell library contained the following spells:

 Spells                   Type           Power      Damage    Failure   Level
 Tukima's Dance           Hex            12%        N/A       16%         3
 Lesser Beckoning         Tloc           2%         N/A       30%         2
 Dazzling Flash           Conj/Hex       12%        N/A       30%         3
 Gell's Gravitas          Tloc           1%         N/A       52%         3
 Teleport Other           Tloc           1%         N/A       52%         3

Inventory:

Hand Weapons
 a - a +1 dagger (weapon)
Missiles
 e - 35 stones
 h - 4 poisoned darts
Armour
 b - a +0 robe (worn)
Scrolls
 d - 2 scrolls of identify {unknown}
 f - a scroll of poison {unknown}
 g - 2 scrolls of blinking {unknown}
 i - a scroll of amnesia {unknown}
Potions
 c - 2 potions of invisibility

Dungeon Overview and Level Annotations

Branches:
Dungeon (2/15) Zot: 10737

Altars:

...............>###...
.######.....#.....####
#####.#.....##.#
#####.#........#
#.....#...#.##.#
####.###.#.....#
#..........#.###
#..........#.#
#.@........#.#
#S.........#.#
#..........#.####
#####...........#
#....[......#
#...........#
########†#### #.# #.#


You could see an adder.


Message History

Found a stone staircase leading down.
Unknown command.
You now have 59 gold pieces (gained 4).
You now have 76 gold pieces (gained 17).
An adder comes into view.
An adder is nearby!
An adder is nearby!
An adder is nearby!
The adder hisses angrily.
The adder misses you.
You hit the adder. The adder bites you.
You hit the adder but do no damage. The adder bites you.
The adder closely misses you. 😕 HP[-4]
You take 4 damage, and now have 21/25 hp.
An adder is nearby!
You barely miss the adder. The adder bites you but does no damage.
You hit the adder. The adder bites you. 😕 HP[-2]
You take 2 damage, and now have 19/25 hp.
An adder is nearby!
You barely miss the adder. The adder bites you but does no damage.
You closely miss the adder. The adder closely misses you. 😕 HP[+1]
Casting: Ensorcelled Hibernation (safe; 13% risk of failure)
Confirm with . or Enter, or press ? or * to list all spells.
Aiming: Ensorcelled Hibernation (safe; 13% risk of failure)
Press: ? - help, Shift-Dir - straight line, f - adder
Aim: an adder (heavily wounded, chance to affect: 50%)
The adder resists with some effort.
The adder bites you.
You are poisoned.
The adder poisons you! The adder bites you. 😮 HP[-3] MP[-2]
You take 3 damage, and now have 17/25 hp.
You lost 2 mp, and now have 4/6 mp.
Casting: Ensorcelled Hibernation (safe; 13% risk of failure)
Confirm with . or Enter, or press ? or * to list all spells.
Aiming: Ensorcelled Hibernation (safe; 13% risk of failure)
Press: ? - help, Shift-Dir - straight line, f/p - adder
Aim: an adder (heavily wounded, chance to affect: 50%)
The adder resists with some effort.
You feel sick.
The adder closely misses you. 😮 HP[-2] MP[-2]
You take 2 damage, and now have 15/25 hp.
You lost 2 mp, and now have 2/6 mp.
Unknown command.
Casting: Ensorcelled Hibernation (safe; 13% risk of failure)
Confirm with . or Enter, or press ? or * to list all spells.
Aiming: Ensorcelled Hibernation (safe; 13% risk of failure)
Press: ? - help, Shift-Dir - straight line, f/p - adder
Aim: an adder (heavily wounded, chance to affect: 50%)
The adder resists with some effort.
You feel sick.
The adder barely misses you. 😮 HP[-1] MP[-2]
You take 1 damage, and now have 14/25 hp.
You lost 2 mp, and now have 0/6 mp.
Unknown command.
You hit the adder.
You feel sick. The adder bites you.
* * * LOW HITPOINT WARNING * * *
The adder closely misses you. 😨 HP[-3]
You take 3 damage, and now have 11/25 hp.
Casting: Ensorcelled Hibernation (safe; 13% risk of failure)
Confirm with . or Enter, or press ? or * to list all spells.
You don't have enough magic to cast this spell.
You hit the adder but do no damage.
You feel sick. The adder closely misses you. 😨 HP[-1]
You take 1 damage, and now have 10/25 hp.
You closely miss the adder.
You feel sick. The adder bites you.
* * * LOW HITPOINT WARNING * * *
You are more poisoned.
The adder poisons you! 😨 HP[-3]
You take 3 damage, and now have 7/25 hp.
You barely miss the adder.
You feel sick. The adder barely misses you. 😱 HP[-1]
You take 1 damage, and now have 6/25 hp.
You barely miss the adder.
You feel sick.
The adder bites you but does no damage. 😱 HP[-1]
You take 1 damage, and now have 5/25 hp.
Unknown command.
You hit the adder but do no damage.
You feel sick. The adder closely misses you.
The adder bites you but does no damage.
Okay, then.
You closely miss the adder.
You feel sick.
The adder bites you but does no damage. 😱 HP[-1]
You take 1 damage, and now have 4/25 hp.
You hit the adder. The adder bites you.
* * * LOW HITPOINT WARNING * * *
Unknown command. 😱 HP[-2] MP[+1]
You take 2 damage, and now have 2/25 hp.
You closely miss the adder.
* * * LOW HITPOINT WARNING * * *
You feel sick.
You are no longer poisoned.
The adder bites you.
You die...

Skill      XL: |  1  2 |
---------------+-------+-----
Short Blades   | 1 |  1.6
Dodging        | 2 |  2.0
Stealth        | 3 |  3.1
Fighting       | |  0.8
Spellcasting   | |  2.1
Hexes          | |  3.2
Ice Magic      | |  0.9

Action                     || total
---------------------------++-------
  Melee: Dagger            ||   110
         Punch             ||     1
   Cast: Ensorcelled Hiber ||     9
   Stab: Sleeping          ||    10
 Armour: Robe              ||    68
  Dodge: Dodged            ||    78

Levels and vault maps discovered:
D:1:      dpeg_arrival_morbid_curiosity, layout_basic
D:2:      layout_basic

Notes
Turn   | Place    | Note
-------+----------+-------------------------------------------
     0 | D:1      | kae the Demonspawn Enchanter began the quest for the Orb.
     0 | D:1      | Reached XP level 1. HP: 13/13 MP: 3/3
     0 | D:1      | magus.rc [v1.11.3]
    16 | D:1      | Reached skill level 1 in Short Blades
   161 | D:1      | Gained mutation: You regenerate a little health from kills.
                  | [demonic ancestry]
   161 | D:1      | Reached XP level 2. HP: 19/19 MP: 5/5
   181 | D:1      | Learned a level 2 spell: Ensorcelled Hibernation
   235 | D:1      | HP: 4/19 [hobgoblin (3)]
   238 | D:1      | HP: 1/19 [giant cockroach (2)]
   375 | D:1      | Reached skill level 2 in Dodging
   389 | D:1      | Reached skill level 3 in Stealth
   584 | D:1      | Reached XP level 3. HP: 25/25 MP: 6/6
   588 | D:1      | Learned a level 3 spell: Confusing Touch
   593 | D:1      | You pick up a book of Displacement and begin reading...
   593 | D:1      | You add the spells Lesser Beckoning, Gell's Gravitas and
                  | Teleport Other to your library.
  1073 | D:2      | HP: 5/25 [adder (3)]
  1075 | D:2      | HP: 2/25 [poisoned by an adder]
  1264 | D:2      | HP: 6/25 [poisoned by an adder]
  1268 | D:2      | HP: 2/25 [adder (2)]
  1269 | D:2      | Slain by an adder

Vanquished Creatures
  2 adders (D:2)
  A dart slug (D:1)
  An endoplasm (D:2)
  2 giant cockroaches (D:1)
  5 goblins (D:1)
  7 hobgoblins
  4 bats (D:1)
  6 kobolds
  4 rats (D:1)
32 creatures vanquished.

Table legend:
 A = Non-vault XP
 B = Vault XP
 C = Vault XP percentage of total XP
 D = Non-vault monster count
 E = Vault monster count
 F = Vault count percentage of total count
                 A         B        C        D         E       F
            +---------+---------+-------+---------+---------+-------
      Total |      72 |       8 |  10.0 |      28 |       4 |  12.5
            +---------+---------+-------+---------+---------+-------
        D:1 |      38 |       8 |  17.4 |      21 |       4 |  16.0
        D:2 |      34 |       0 |   0.0 |       7 |       0 |   0.0
            +---------+---------+-------+---------+---------+-------

Skill      XL: |  1  2 |
---------------+-------+-----
Short Blades   | 1 |  1.6
Dodging        | 2 |  2.0
Stealth        | 3 |  3.1
Fighting       | |  0.8
Spellcasting   | |  2.1
Hexes          | |  3.2
Ice Magic      | |  0.9

Action                     || total
---------------------------++-------
  Melee: Dagger            ||   110
         Punch             ||     1
   Cast: Ensorcelled Hiber ||     9
   Stab: Sleeping          ||    10
 Armour: Robe              ||    68
  Dodge: Dodged            ||    78

Illustrated notes

Table legend:
 A = Kills in this place as a percentage of kills in the entire game.
 B = Kills by you in this place as a percentage of kills by you in the entire game.
 C = Kills by friends in this place as a percentage of kills by friends in the entire game.
 D = Other kills in this place as a percentage of other kills in the entire game.
 E = Experience gained in this place as a percentage of experience gained in the entire game.
 F = Experience gained in this place divided by the number of levels of this place that you have seen.
                   A       B       C       D       E      F
               +-------+-------+-------+-------+-------+----------------------
         Total | 100.0 | 100.0 |   N/A |   N/A | 100.0 |  40.0
       Dungeon | 100.0 | 100.0 |   N/A |   N/A | 100.0 |  40.0
               +-------+-------+-------+-------+-------+----------------------

Table legend: (Time is in decaauts)
 A = Elapsed time spent in this place.
 B = Non-inter-level travel time spent in this place.
 C = Inter-level travel time spent in this place.
 D = Time resting spent in this place.
 E = Time spent auto-exploring this place.
 F = Levels seen in this place.
 G = Mean time per level.
                   A        B        C        D        E       F      G
               +--------+--------+--------+--------+--------+-----+--------+
         Total |   1261 |   1245 |     16 |     31 |    968 |   2 |  630.5 |
       Dungeon |   1261 |   1245 |     16 |     31 |    968 |   2 |  630.5 |
               +--------+--------+--------+--------+--------+-----+--------+

Top non-repeatable levels by time:
     D:1: 933 daAuts
     D:2: 327 daAuts
